 Dungeon Crawl Stone Soup version 0.17-a0-915-g8914353 (webtiles) character file.

2 drasked the Caller (level 1, 0/13 HPs)
             Began as a Mummy Summoner on May 5, 2015.
             Slain by a hobgoblin
             ... wielding a +0 short sword
              (9 damage)
             ... on level 1 of the Dungeon.
             The game lasted 00:01:18 (327 turns).

drasked the Caller (Mummy Summoner)                  Turns: 327, Time: 00:01:19

Health: 0/13       AC:  2    Str: 11    XL:     1   Next: 25%
Magic:  0/3        EV: 12    Int: 14    God:
Gold:   24         SH:  0    Dex: 12    Spells: 1 memorised, 3 levels left

rFire  x . .     SeeInvis .     (no weapon)
rCold  + . .     Clarity  .     a - +0 robe
rNeg   + + +     SustAb   .     (no shield)
rPois  ∞         Gourm    .     (no helmet)
rElec  .         Spirit   .     (no cloak)
rCorr  .         Warding  .     (no gloves)
rMut   .         Stasis   .     (no boots)
MR     .....                    (no amulet)
Stlth  ++........               (no ring)
                                (no ring)

@: very slightly contaminated, not resistant to hostile enchantments, unstealthy
A: no food or potions, fire vulnerability, cold resistance 1, negative energy
resistance 3, torment resistance, unbreathing
a: no special abilities


You were on level 1 of the Dungeon.
You were not hungry.

You visited 1 branch of the dungeon, and saw 1 of its levels.

You collected 24 gold pieces.

Inventory:

Armour
 a - a +0 robe (worn)
Scrolls
 c - a scroll of noise {unknown}
Books
 b - a book of Callings


   Skills:
 - Level 1.5 Dodging
 - Level 1.5 Stealth
 + Level 2.0 Spellcasting
 + Level 3.3 Summonings


You had 3 spell levels left.
You knew the following spells:

 Your Spells              Type           Power        Failure   Level  Hunger
a - Summon Small Mammal   Summ           ##..         10%         1    N/A

Dungeon Overview and Level Annotations

Branches:
Dungeon (1/15)

Altars:


Innate Abilities, Weirdness & Mutations

You do not eat or drink.
Your flesh is vulnerable to fire.
You are immune to poison.
Your flesh is cold resistant.
You are immune to negative energy.
You are immune to unholy pain and torment.
You can survive without breathing.


Message History

Welcome, drasked the Mummy Summoner.
The bosom of this dungeon contains the fabled artefact, the Orb of Zot.
Found a scroll labeled PINAUBL BOATI.
Found a staircase leading out of the dungeon.
Okay, then.
You now have 2/3 mp.
You swap places.
MP restored: 3
c - a scroll labeled PINAUBL BOATI You swap places.
You now have 15 gold pieces.
You open the door.
There is an open door here.
You now have 24 gold pieces (gained 9).
You open the door.
There is an open door here.
A bat comes into view.
You now have 2/3 mp.
The bat hits you. The bat hits you but does no damage.
You take 1 damage, and have 12/13 hp.
You barely miss the bat. The bat hits you. The bat hits you.
Your rat bites the bat.
You take 2 damage, and have 10/13 hp.
You hit the bat.
You kill the bat!
Okay, then.
You start resting.
Your rat disappears in a puff of smoke!
Health restored: 13; MP restored: 3
Found a stone staircase leading down.
A hobgoblin comes into view. It is wielding a club.
The hobgoblin shouts!
You miscast Summon Small Mammal.
You are very lightly contaminated with residual magic.
A fistful of eyes flickers past your view.
You now have 2/3 mp.
The hobgoblin hits your rat with a club.
Your rat barely misses the hobgoblin.
You now have 1/3 mp.
The hobgoblin closely misses your rat.
Your rat bites the hobgoblin.
The hobgoblin closely misses your rat.
Your rat closely misses the hobgoblin.
You now have 0/3 mp.
You don't have enough magic to cast that spell.
You don't have enough magic to cast that spell.
You swap places.
The hobgoblin hits you with a club.
You take 3 damage, and have 10/13 hp.
MASSIVE DAMAGE!!
You hit the hobgoblin but do no damage.
The hobgoblin hits you but does no damage.
You barely miss the hobgoblin.
Your rat bites the hobgoblin but does no damage.
Your rat bites the hobgoblin.
The hobgoblin hits you with a club.
You take 3 damage, and have 7/13 hp.
MASSIVE DAMAGE!!
You are too injured to fight recklessly!
You are too injured to fight recklessly!
You are too injured to fight recklessly!
Your rat barely misses the hobgoblin.
Your rat bites the hobgoblin.
The hobgoblin dies!
You start resting.
Your magical contamination has completely faded away.
You start resting.
Your rat disappears in a puff of smoke! x2
Something unseen opens the door.
You regained 2 hp, and now have 9/13 hp.
MP restored: 3 You start resting.
A hobgoblin comes into view. It is wielding a short sword.
A hobgoblin is nearby!
A hobgoblin is nearby!
You miscast Summon Small Mammal.
You are very lightly contaminated with residual magic.
Nothing appears to happen.
You now have 2/3 mp.
You miscast Summon Small Mammal.
Your head hurts.
You now have 1/3 mp.
You now have 0/3 mp.
You don't have enough magic to cast that spell.
You don't have enough magic to cast that spell.
Your rat closely misses the hobgoblin.
The hobgoblin hits your rat with a short sword.
Your rat dies!
Your rat's corpse disappears in a puff of smoke!
You don't have enough magic to cast that spell.
The hobgoblin hits you with a short sword!
Ouch! That really hurt!
You die...

.......#.#........♣.
#.####.#.#.###'###.# #
.....#.#........... ♣..
####.#.#.#.####..# #.#.
...#.#.#.#........♣...♣
...#.#.#.###.....#.#.#.#
.<.#.#.'.# #....)...♣...♣
b..#.#.#.# #....g#.#.#.#.#
...#.#.#.# #....@.♣...♣...♣
####.#.#.# #.....#.#.#.#.#.
.....#.#.########...♣...♣..
#.####.#...# ####.#.#.#.#
.......#.#.# #...♣...♣...
########.#.# #....#.#.#.#.#
.........#.# #............#
#.########.# #............#
..# #.# #............#


You could see a hobgoblin.

Vanquished Creatures
  A bat (D:1)
1 creature vanquished.

Vanquished Creatures (collateral kills)
  A hobgoblin (D:1)
1 creature vanquished.

Vanquished Creatures (others)
  A rat (D:1)
1 creature vanquished.

Grand Total: 3 creatures vanquished

Notes
Turn   | Place    | Note
--------------------------------------------------------------
     0 | D:1      | drasked, the Mummy Summoner, began the quest for the Orb.
     0 | D:1      | Reached XP level 1. HP: 13/13 MP: 3/3
   327 | D:1      | Slain by a hobgoblin

Action                   || total
-------------------------++-------
Melee: Unarmed           ||     4
 Cast: Summon Small Mamm ||     5

Vault maps used:
D:1:      matt_arrival_refuge, kennysheep_crisscross

Table legend:
 A = Turns spent in this place as a percentage of turns spent in the entire game.
 B = Non-inter-level travel turns spent in this place as a percentage of non-inter-level travel turns spent in the entire game.
 C = Inter-level travel turns spent in this place as a percentage of turns spent in this place.
 D = Turns resting spent in this place as a percentage of non-inter-level travel turns spent in this place.
 E = Turns spent auto-exploring this place as a percentage of non-inter-level travel turns spent in this place.
 F = Non-inter-level travel turns spent in this place divided by the number of levels of this place that you've seen.
                   A       B       C       D       E      F
               +-------+-------+-------+-------+-------+----------------------
         Total | 100.0 | 100.0 |   0.0 |  11.0 |   4.1 |  73.0
       Dungeon | 100.0 | 100.0 |   0.0 |  11.0 |   4.1 |  73.0
               +-------+-------+-------+-------+-------+----------------------

Table legend:
 A = Kills in this place as a percentage of kills in entire the game.
 B = Kills by you in this place as a percentage of kills by you in the entire game.
 C = Kills by friends in this place as a percentage of kills by friends in the entire game.
 D = Other kills in this place as a percentage of other kills in the entire game.
 E = Experience gained in this place as a percentage of experience gained in the entire game.
 F = Experience gained in this place divided by the number of levels of this place that you have seen.
                   A       B       C       D       E      F
               +-------+-------+-------+-------+-------+----------------------
         Total | 100.0 | 100.0 | 100.0 |  -nan | 100.0 |   3.0
       Dungeon | 100.0 | 100.0 | 100.0 |  -nan | 100.0 |   3.0
               +-------+-------+-------+-------+-------+----------------------
